[Event "22nd Indian Women chT 2025"]
[Site "Gujarat"]
[Date "2025.03.05"]
[Round "1.12"]
[White "Margi Hitesh Chudasama"]
[Black "Kotepalli, Sai Nirupama"]
[Result "1-0"]
[Annotator "NA RC"]
[ECO "D05"]
[WhiteElo "1523"]
[BlackElo "1934"]
[PlyCount "54"]
[EventDate "2025.03.03"]
[EventCountry "IND"]
[SourceTitle "playchess.com"]
[Source "ChessBase"]
[SourceQuality "1"]
[TimeControl "5400+30"]

1. d4 Nf6 2. Nf3 e6 3. e3 d5 4. a3 Bd6 5. Bd3 c5 6. b3 Nc6 7. Bb2 O-O 8. O-O cxd4 9. exd4 Ne4 10. Nbd2 f5 11. Ne5 Bxe5 12. dxe5 Qc7 13. f4 Qb6+ 14. Kh1 Nf2+ 15. Rxf2 Qxf2 16. Nf3 Bd7 17. b4 Qb6 18. c4 Ne7 19. Bd4 Qd8 20. Bc5 b6 21. Bd6 Re8 22. Rc1 Rc8 23. h3 Ng6 24. g3 dxc4 25. Bxc4 Bc6 26. Kg1 Bxf3 27. Qxf3 b5 1-0

[Event "22nd Indian Women chT 2025"]
[Site "Gujarat"]
[Date "2025.03.05"]
[Round "1.14"]
[White "Pragnya H G"]
[Black "Balani Manya"]
[Result "1-0"]
[Annotator "NA RC"]
[ECO "C42"]
[WhiteElo "1998"]
[BlackElo "1486"]
[PlyCount "53"]
[EventDate "2025.03.03"]
[EventCountry "IND"]
[SourceTitle "playchess.com"]
[Source "ChessBase"]
[SourceQuality "1"]
[TimeControl "5400+30"]

1. e4 e5 2. Nf3 Nf6 3. Nxe5 d6 4. Nf3 Nxe4 5. Nc3 Nxc3 6. dxc3 Be7 7. Bf4 Nd7 8. Qd2 O-O 9. O-O-O Nc5 10. Bd3 Nxd3+ 11. Qxd3 Rb8 12. h4 Bg4 13. Ng5 Bxg5 14. hxg5 g6 15. f3 Bf5 16. Qd4 f6 17. Qd5+ Kh8 18. gxf6 Qd7 19. Bh6 Be6 20. Bg7+ Kg8 21. Qg5 Rf7 22. Rxh7 Rxg7 23. Rxg7+ Qxg7 24. fxg7 Kxg7 25. Qe7+ Bf7 26. Rd4 Re8 27. Qxc7 1-0

[Event "22nd Indian Women chT 2025"]
[Site "Gujarat"]
[Date "2025.03.05"]
[Round "1.15"]
[White "Silvii Ranawat"]
[Black "Shanmathi Sree S"]
[Result "1-0"]
[Annotator "NA RC"]
[ECO "D00"]
[WhiteElo "1608"]
[BlackElo "1888"]
[PlyCount "109"]
[EventDate "2025.03.03"]
[EventCountry "IND"]
[SourceTitle "playchess.com"]
[Source "ChessBase"]
[SourceQuality "1"]
[TimeControl "5400+30"]

1. d4 d5 2. Bf4 e6 3. e3 Nf6 4. c3 Bd6 5. Bd3 Bxf4 6. exf4 O-O 7. Nf3 c5 8. Nbd2 cxd4 9. Nxd4 Qc7 10. g3 e5 11. Nb5 Qb6 12. fxe5 Ne4 13. Qe2 a6 14. Nxe4 dxe4 15. Qxe4 g6 16. Nd6 Bh3 17. Nc4 Qc7 18. O-O-O Be6 19. a3 Nd7 20. Nd6 b5 21. f4 b4 22. axb4 a5 23. b5 a4 24. Qb4 a3 25. bxa3 Nb6 26. Bc2 Nd5 27. Rxd5 Bxd5 28. Rd1 Bf3 29. Rf1 Bg2 30. Rf2 Bh1 31. c4 Qa7 32. c5 Qxa3+ 33. Qxa3 Rxa3 34. Kb2 Rfa8 35. Bb3 R3a5 36. c6 Kf8 37. c7 R5a7 38. b6 Rb7 39. c8=Q+ Rxc8 40. Nxc8 Bc6 41. Rc2 Bd7 42. Bd5 Rb8 43. b7 Be6 44. Bxe6 Rxb7+ 45. Bb3 Kg7 46. Nd6 Ra7 47. Bxf7 h5 48. Rc3 h4 49. g4 Kh6 50. Rc8 g5 51. f5 h3 52. f6 Kh7 53. Be6 Kh6 54. Rh8+ Rh7 55. Bf5 1-0

[Event "22nd Indian Women chT 2025"]
[Site "Gujarat"]
[Date "2025.03.05"]
[Round "1.16"]
[White "Rajasurya, J.."]
[Black "Vini Gandhi"]
[Result "1-0"]
[Annotator "NA RC"]
[ECO "A10"]
[WhiteElo "1729"]
[BlackElo "1464"]
[PlyCount "91"]
[EventDate "2025.03.03"]
[EventCountry "IND"]
[SourceTitle "playchess.com"]
[Source "ChessBase"]
[SourceQuality "1"]
[TimeControl "5400+30"]

1. c4 f5 2. Nc3 e6 3. g3 Nf6 4. Bg2 Bb4 5. d3 Bxc3+ 6. bxc3 Nc6 7. Nf3 O-O 8. O-O e5 9. Rb1 e4 10. Nd4 Ne7 11. Qc2 d5 12. Rd1 c6 13. cxd5 cxd5 14. Ba3 a6 15. Bh3 Nh5 16. dxe4 fxe4 17. Bxc8 Rxc8 18. Ne6 Qe8 19. Nxf8 Qxf8 20. Rxd5 Nf6 21. Rf5 Qe8 22. Qb3+ Kh8 23. Re5 Rc7 24. Bxe7 Rxe7 25. Rxe7 Qxe7 26. Qxb7 Qe5 27. Qb8+ Qxb8 28. Rxb8+ Ng8 29. c4 h6 30. c5 Kh7 31. Rxg8 Kxg8 32. c6 Kh7 33. c7 a5 34. c8=Q a4 35. Qf5+ Kh8 36. Qxe4 a3 37. Qg6 Kg8 38. e4 Kf8 39. e5 Ke7 40. e6 Kd6 41. Qf7 g5 42. e7 Kc6 43. e8=Q+ Kc5 44. Qe4 g4 45. Qc7+ Kb5 46. Qec4# 1-0

[Event "22nd Indian Women chT 2025"]
[Site "Gujarat"]
[Date "2025.03.06"]
[Round "2.1"]
[White "Gorli Nyna"]
[Black "Padmini, Rout"]
[Result "0-1"]
[Annotator "TA"]
[ECO "B22"]
[WhiteElo "1835"]
[BlackElo "2356"]
[PlyCount "80"]
[EventDate "2025.03.03"]
[EventCountry "IND"]
[SourceTitle "playchess.com"]
[Source "ChessBase"]
[SourceQuality "1"]
[TimeControl "5400+30"]

1. e4 c5 2. c3 d5 3. exd5 Nf6 4. Bb5+ Bd7 5. Bxd7+ Qxd7 6. c4 {[%emt 0:01:19] B22: Sicilian: 2 c3.} e6 7. dxe6 (7. Qe2 $14) 7... Qxe6+ $11 8. Qe2 {[%emt 0:00:11] The position is equal.} Nc6 9. Qxe6+ fxe6 10. Nc3 Nb4 11. Kf1 $146 (11. Ke2 O-O-O 12. Nf3 Be7 13. Rd1 Nd3 14. Ne1 Nf4+ 15. Kf1 Rhf8 16. d3 Ng6 17. Bg5 {1-0 Canal Oliveras,J (2333)-Ortega Serra,M (2336) Roncana op-A 8th 2014 (8)}) 11... Bd6 12. Nf3 O-O 13. b3 e5 14. Nb5 (14. Ng5 $14) 14... Rad8 $15 15. Ng5 (15. Nxa7 e4 16. Ng5 Ng4 $11) 15... Rfe8 {[%emt 0:01:05] Prevents Ne6.} 16. Nxd6 Rxd6 17. Ke2 h6 {[%emt 0:03:30][%mdl 1024] Black has strong compensation.} 18. Nf3 Nd3 19. Ne1 (19. Nh4 $142) 19... e4 $1 $17 {[%emt 0:01:46] Black is much more active. The white rooks are passive.} 20. Ba3 b6 ({Black should play} 20... Ra6 $17 {Hoping for ...Nf4+.} 21. Nc2 Rd8) 21. g3 {[%emt 0:01:14] Wards off Nf4+. This move loses the game for White.} (21. Nxd3 $2 exd3+ 22. Kd1 Ng4 $19) ({Better is} 21. Kf1 $1 $15) 21... Ng4 $19 22. Nxd3 (22. Rg1 {is a better defense.}) 22... exd3+ (22... Rxd3 23. h3 Ne5 24. Bb2 $11) 23. Kf3 {[%emt 0:00:10] [#] White is weak on the light squares} h5 24. h3 Rf6+ 25. Kg2 Rxf2+ ({Don't do} 25... Nxf2 26. Rhe1 Ne4 27. Re3 Rf2+ 28. Kg1 Rxd2 29. Rae1 Rxa2 30. Bc1 $19) 26. Kg1 Rxd2 $1 27. hxg4 hxg4 28. Rh5 Rde2 29. Rd5 $2 (29. Rf1) 29... d2 {[%emt 0:00:43] ( -> ...Re1+)} (29... R8e3 30. Rd1 Re1+ (30... Rxa2 31. Bc1 $15) (30... Rxg3+ 31. Kh1 $15) 31. Rxe1 Rxe1+ 32. Kf2 Re2+ 33. Kf1 Rxa2 34. Bxc5 bxc5 35. Ke1 $11) 30. Rf1 Rf8 31. Rxf8+ Kxf8 {[%emt 0:00:05][%mdl 4096] Endgame KRB-KR} 32. b4 Re1+ 33. Kf2 d1=Q 34. Rxd1 Rxd1 35. bxc5 {[%emt 0:00:10] KR-KB} Rd3 36. Bb4 a5 37. c6+ $2 {[%emt 0:00:33] [#]} (37. Ke2 Rd4 (37... Rxg3 $2 38. cxb6+ axb4 39. b7 $18) 38. Ba3) 37... Ke8 $1 (37... axb4 $2 38. c7 Kf7 39. c8=Q $18 (39. c8=R $2 Rf3+ 40. Ke2 Rxg3 $19)) 38. Bf8 Rf3+ {[%emt 0:00:30] Black mates.} (38... Kxf8 $2 {is the wrong capture.} 39. c7 $18) 39. Ke2 Rxf8 40. c7 Kd7 {[%emt 0:00:05] Weighted Error Value: White=0.72/Black=0.17 (very precise)   Loses game:     	White=1     	---        Mistake:       	White=6     	Black=1      Inaccurate:     	White=4     	Black=2      OK:         	White=10    	Black=7      Best:        	---       	Black=4      Strong:       	---       	Black=3} 0-1

[Event "22nd Indian Women chT 2025"]
[Site "Gujarat"]
[Date "2025.03.06"]
[Round "2.2"]
[White "Karavade, Eesha"]
[Black "Sravyasree Bheemarasetty"]
[Result "1-0"]
[Annotator "TA"]
[ECO "D45"]
[WhiteElo "2264"]
[BlackElo "1829"]
[PlyCount "145"]
[EventDate "2025.03.03"]
[EventCountry "IND"]
[SourceTitle "playchess.com"]
[Source "ChessBase"]
[SourceQuality "1"]
[TimeControl "5400+30"]

1. d4 d5 2. c4 e6 3. Nf3 Nf6 4. Nc3 c6 5. e3 Be7 6. Bd3 dxc4 7. Bxc4 b5 8. Bd3 Bb7 9. O-O O-O 10. e4 {[%emt 0:07:33] D45: Semi-Slav: 5 e3.} a6 11. Bg5 (11. e5 $14 Nfd7 12. Bc2) 11... Nbd7 ({Black should play} 11... Nfd7 $11 12. Bxe7 Qxe7) 12. e5 $14 {[%emt 0:03:39] White is slightly better.} Nd5 {[%emt 0:01:00] [#] and ...Nxc3 should not be overlooked} 13. Ne4 (13. Bxe7 Qxe7 14. Nxd5 cxd5 15. Nd2) 13... f6 14. exf6 gxf6 15. Bh6 Rf7 16. Rc1 Nf8 $146 (16... f5 $14) (16... Bf8 17. Qd2 Rc8 18. Nc5 Nxc5 19. dxc5 Rcc7 20. Nd4 Bc8 21. Rfe1 Bxh6 22. Qxh6 e5 {0-1 Marshall,F-Lipschuetz,S New York Manhattan CC Sexangular 1900 (1)}) 17. Nc5 Bxc5 18. Rxc5 Ne7 (18... Qd6 $16 19. Nh4 Re7) 19. Qe2 {[%emt 0:04:01] Black is weak on the dark squares} Qd6 20. Rh5 {[%emt 0:03:09] White has more active pieces. The black rooks are passive.} Nfg6 21. Re1 Bc8 22. Qc2 Bd7 23. Qc5 (23. Be4 $142) 23... Qxc5 $16 24. Rxc5 Nd5 25. g3 Re7 26. Bf1 Rae8 27. Bd2 e5 28. dxe5 Nxe5 29. Nd4 (29. Nxe5 {simplifies} Rxe5 30. Rxe5 fxe5 31. a3) 29... Nd3 {[%emt 0:05:28] Against Rec1} 30. Rxe7 ({Reject} 30. Bxd3 Rxe1+ 31. Bxe1 Rxe1+ 32. Kg2 Nb4 $11 (32... Rd1 33. Bf5 $14)) 30... Nxc5 {[%emt 0:00:03] A dynamic duo of knights.} 31. Rxe8+ Bxe8 32. Bg2 Nd3 33. b3 N3b4 34. a3 Nd3 35. Kf1 Nc5 36. f4 Bd7 37. f5 Nd3 38. Ke2 Ne5 39. h3 h5 40. Bb4 Kf7 41. Bd6 Ne7 42. Be4 a5 43. b4 ({Better is} 43. Bc2 $16) 43... a4 $1 $11 44. Bxe5 fxe5 45. Nf3 Bxf5 46. Bxf5 Nxf5 47. Nxe5+ {[%emt 0:00:07][%mdl 4096] Endgame KN-KN} Ke6 48. Nxc6 {[%emt 0:00:17] [#]} Kd5 (48... Nxg3+ $11 49. Kd3 Kd5) 49. g4 $1 $16 hxg4 {[%emt 0:00:40][%mdl 8192] Loses the game.} (49... Kxc6 $16 50. gxf5 Kd6) 50. hxg4 $18 Nd6 51. Na7 Ke4 52. g5 Kf5 53. Kd3 Kxg5 54. Kd4 {[%emt 0:00:03] Black must now prevent Kc5.} Kf6 55. Kc5 Ke7 (55... Ke5 $142 56. Nxb5 Ne4+ 57. Kc4 Nd2+ 58. Kd3 Nf3) 56. Nxb5 Ne4+ 57. Kc6 Kd8 58. Nd6 Nc3 59. b5 Nxb5 60. Nxb5 {[%emt 0:00:10] KN-KP. White mates.} Kc8 61. Nc3 Kb8 62. Nxa4 Ka7 63. Nc5 Kb8 64. a4 Ka7 65. a5 Kb8 66. Kb6 Ka8 67. a6 Kb8 68. Ne6 Ka8 69. Nc7+ Kb8 70. a7+ Kc8 71. Kc6 Kd8 72. Kd6 Kc8 73. a8=Q# {[%emt 0:00:07] Weighted Error Value: White=0.12 (very precise) /Black=0.75  Loses game:     	---       	Black=1      Mistake:       	White=3     	Black=4      Inaccurate:     	White=2     	Black=2      OK:         	White=17    	Black=15     Best:        	White=2     	Black=3      Strong:       	White=1     	Black=1} 1-0

[Event "22nd Indian Women chT 2025"]
[Site "Gujarat"]
[Date "2025.03.06"]
[Round "2.3"]
[White "Tripurambika V"]
[Black "Mohota, Nisha"]
[Result "0-1"]
[Annotator "TA"]
[ECO "B07"]
[WhiteElo "1802"]
[BlackElo "2169"]
[PlyCount "132"]
[EventDate "2025.03.03"]
[EventCountry "IND"]
[SourceTitle "playchess.com"]
[Source "ChessBase"]
[SourceQuality "1"]
[TimeControl "5400+30"]

1. e4 d6 2. d4 Nf6 3. Nc3 e5 4. dxe5 dxe5 5. Qxd8+ Kxd8 6. Bg5 Be6 7. Nf3 Nbd7 8. O-O-O Kc8 9. Bxf6 {[%emt 0:04:23] B07: Pirc Defence: Miscellaneous Systems.} (9. Bh4 $11 {is superior.}) 9... gxf6 $15 10. Nd2 Bb4 11. Nd5 {[%emt 0:03:08] Black is slightly better.} Bc5 12. f3 c6 13. Nc3 $146 (13. c4 cxd5 14. cxd5 Bxd5 15. exd5 Be3 16. Kb1 Bxd2 17. Rxd2 Nb6 18. Bd3 Kc7 19. d6+ Kxd6 20. Bxh7+ {0-1 Hagedorn,A (1827)-Schober,R (2115) Lippe Cup 04th 2007 (1)}) 13... b5 {[%emt 0:02:45] White is weak on the dark squares} 14. a4 a6 15. b3 ({White should play} 15. Kb1) 15... Bd4 $17 {[%emt 0:03:13] Black is more active.} 16. Ndb1 Nc5 17. b4 (17. Be2 {was worth a try.}) 17... Nxa4 $19 18. Nxa4 bxa4 19. c3 Be3+ 20. Kb2 a5 21. Re1 (21. Be2 $142) 21... Bh6 {[%emt 0:06:18] This pair of bishops is nice.} 22. Ka3 axb4+ 23. cxb4 Rd8 {[%emt 0:00:20] [#] Prevents Rd1.} 24. Be2 Bb3 25. Rc1 Bxc1+ 26. Rxc1 Kb7 27. Rc3 Kb6 28. g3 Rd4 29. Re3 Rad8 30. Nc3 Rd2 {[%emt 0:00:04] [#]} 31. Nxa4+ Bxa4 32. Kxa4 {[%emt 0:00:11][%mdl 4096] Endgame KRR-KRB} Ra8+ 33. Kb3 Raa2 34. Bc4 Rdb2+ 35. Kc3 Ra3+ 36. Kxb2 Rxe3 37. Bxf7 Rxf3 {[%emt 0:00:12] KR-KB} 38. Bc4 Rf2+ 39. Kc3 Rxh2 {[%emt 0:00:09] Hoping for ...Rg2.} 40. g4 Rh3+ {[%emt 0:00:44] Black mates.} 41. Kd2 Rg3 42. Be6 Kb5 43. Bd7 Kxb4 44. Bxc6 Rxg4 45. Ke3 Rg3+ 46. Kf2 Rc3 47. Be8 Kc5 48. Bd7 Kd4 49. Bf5 h5 50. Kg2 Re3 51. Bg6 h4 52. Bf5 Rxe4 53. Be6 Rf4 54. Bc8 e4 55. Ba6 e3 56. Bb5 Kc3 57. Ba6 Kd2 58. Kh2 e2 59. Bxe2 Kxe2 {[%emt 0:00:04] KR-K} 60. Kh3 Kf3 61. Kh2 Kg4 62. Kg2 Rf5 63. Kh2 Rf2+ 64. Kh1 Kg3 65. Kg1 Rf3 66. Kh1 Rf1# {[%emt 0:00:03] Black took control after the opening.   Weighted Error Value: White=0.96/Black=0.18 (very precise)   Mistake:       	White=3     	---        Inaccurate:     	White=1     	---        OK:         	White=3     	Black=15} 0-1

[Event "22nd Indian Women chT 2025"]
[Site "Gujarat"]
[Date "2025.03.06"]
[Round "2.4"]
[White "Vishwa Vasnawala"]
[Black "Bhillva Nilaya Kondari Eswara "]
[Result "1-0"]
[Annotator "TA"]
[ECO "A06"]
[WhiteElo "2085"]
[BlackElo "1723"]
[PlyCount "91"]
[EventDate "2025.03.03"]
[EventCountry "IND"]
[SourceTitle "playchess.com"]
[Source "ChessBase"]
[SourceQuality "1"]
[TimeControl "5400+30"]

1. d4 d5 2. c4 c6 3. Nf3 Nf6 4. e3 e6 5. b3 Nbd7 6. Bd3 Bd6 7. Bb2 O-O {[%emt 0:02:56] A06: Réti Opening: 1 Nf3 d5.} 8. O-O b6 9. Nbd2 Bb7 {[%emt 0:02:06] White has an edge.} 10. Qc2 h6 (10... c5 {with more complications.} 11. dxc5 Nxc5 12. Bxf6 Qxf6 13. Bxh7+ Kh8) 11. Rfe1 Rc8 $146 (11... c5 12. e4 dxe4 13. Nxe4 Nxe4 14. Bxe4 Bxe4 15. Qxe4 Nf6 16. Qh4 Nd7 17. Qh3 Re8 18. dxc5 Bxc5 19. Qg3 {½-½ Seryakov,O (2416)-Bukarin,M (2476) Champion's League 2021/A email}) 12. e4 dxe4 13. Nxe4 Nxe4 14. Bxe4 Nf6 15. c5 Be7 16. Ne5 Nxe4 17. Rxe4 Qd5 18. b4 Rfd8 19. Rf4 Rf8 20. Qe2 Rcd8 21. h4 bxc5 22. bxc5 Bf6 23. Ng4 Be7 24. Ne3 Qd7 25. Re1 Qc8 {[%emt 0:03:22] [#]} ({Better is} 25... f5 $14) 26. Qh5 $1 $16 {[%emt 0:06:04] and Ng4 should not be overlooked White is more active.} Ba6 $2 (26... Qc7 $16 {is tougher.} 27. Rg4 f5) 27. Rg4 $2 (27. Ng4 $18 {and the rest is easy.}) 27... Kh7 {[%emt 0:00:40][%mdl 8192] [#] A mistake that costs the game.} (27... Bd3 $16) 28. d5 $1 g6 {[%emt 0:00:31] Black is weak on the dark squares} (28... e5 29. Qxe5) 29. Qe5 (29. Nf5 $142 Bg5 30. Rxg5 exf5 31. Rxg6 fxg6 32. Re7+ Rf7 33. Rxf7+ Kg8 34. Qxg6#) 29... f6 $18 30. Qg3 (30. Qxe6 Bxc5 (30... Qxe6 31. dxe6 Bb5 32. h5 $16) 31. h5 (31. Bxf6 $2 Qxe6 32. dxe6 Rxf6 $19) 31... Bd3 $16) 30... Rg8 31. d6 Bxd6 32. cxd6 e5 {[%emt 0:00:18] [#]} 33. h5 $1 gxh5 (33... Bd3 34. Rd1) 34. Rxg8 Rxg8 35. Qf3 Qe6 36. Qf5+ Qxf5 37. Nxf5 Bd3 38. Ne7 Rd8 39. Ba3 (39. Nxc6 Rxd6 40. Ne7 (40. Nxa7 Ra6 $18) 40... Bc4 $18) 39... Bb5 40. Rd1 e4 41. Bc5 {[%emt 0:00:26] White is clearly winning.} a6 42. d7 Bd3 43. f3 Rxd7 44. fxe4 ({And not} 44. Nxc6 Rc7 $15) 44... h4 45. Kf2 ({Don't play} 45. Nxc6 Rc7 46. Rxd3 Rxc6) 45... h5 (45... Rxe7 $142 46. Bxe7 Bxe4 47. Bxf6 h3 48. gxh3 Kg8) 46. Ke3 {[%emt 0:00:10] Weighted Error Value: White=0.69/Black=0.81  Loses game:     	---       	Black=2      Missed win:     	White=1     	---        Mistake:       	White=1     	Black=2      Inaccurate:     	White=2     	Black=4      OK:         	White=11    	Black=9      Best:        	White=1     	Black=1      Strong:       	White=1     	---} 1-0

[Event "22nd Indian Women chT 2025"]
[Site "Gujarat"]
[Date "2025.03.06"]
[Round "2.5"]
[White "Priyanka Nutakki"]
[Black "Tanisha Khandelwal"]
[Result "1-0"]
[Annotator "TA"]
[ECO "D37"]
[WhiteElo "2284"]
[BlackElo "1620"]
[PlyCount "67"]
[EventDate "2025.03.03"]
[EventCountry "IND"]
[SourceTitle "playchess.com"]
[Source "ChessBase"]
[SourceQuality "1"]
[TimeControl "5400+30"]

1. d4 d5 2. c4 e6 3. Nc3 Nf6 4. Nf3 h6 5. Bf4 c6 6. e3 {[%emt 0:00:20] D37: Queen's Gambit Declined: 5 Bf4.} Be7 7. h3 Nbd7 8. cxd5 {[%emt 0:01:15] White is slightly better.} exd5 9. Bd3 Nb6 10. Ne5 $146 (10. Rc1 O-O 11. O-O Be6 12. b3 a5 13. a4 Nc8 14. Qc2 Nh5 15. Bh2 g6 16. Ne2 {½-½ Poor,S (1971)-Laddha,Y (2031) Budapest FS09 Nadassy 2021 (10.2)}) 10... Be6 11. O-O O-O 12. Qe2 Re8 13. Bh2 a6 14. a4 c5 15. a5 Nbd7 16. f4 {[%emt 0:02:03] [#]} Nf8 (16... Nb8 $11) 17. Qf3 $14 {[%emt 0:03:16] White has more active pieces.} cxd4 18. exd4 Bb4 19. Bg3 ({White should play} 19. Kh1 $16) 19... Bxa5 $11 20. Bh4 {[%emt 0:00:51][%cal Oa1a5] Rxa5! would now be deadly.} Bxc3 21. bxc3 {[%emt 0:00:38] Strong Square White (e5)} Rc8 22. Rac1 N8h7 $2 {[%emt 0:10:23][%mdl 8192] [#] A mistake that costs the game.} ({Better is} 22... Rc7 $14) 23. Bxh7+ $1 $18 Kxh7 24. f5 Bd7 25. Bxf6 $1 (25. Nxf7 Qb6 $16) 25... gxf6 26. Nxf7 {[%emt 0:00:49][%cal Of3h5] White wants to mate with Qh5!.} Qe7 $2 (26... Qc7 27. Qh5 (27. Qxd5 $2 {too greedy.} Bc6 $19) 27... Qg3 28. Qxh6+ (28. Nxh6 $2 Qe3+ 29. Kh2 Qxh6 $19) 28... Kg8) 27. Qh5 ({Worse is} 27. Qxd5 Qe3+ 28. Kh2 Bc6 $17) 27... Qe3+ 28. Kh1 Rg8 {[%emt 0:01:25][%cal Oc8e8] Dodges Qg6+} 29. Rce1 Qd2 30. Re2 Qg5 31. Nxg5+ {[%emt 0:01:03] White mates.} Rxg5 32. Re7+ Rg7 33. Qg6+ Kh8 34. Qxg7# {[%emt 0:00:04] Weighted Error Value: White=0.05 (flawless) /Black=0.82  Loses game:     	---       	Black=1      Mistake:       	White=1     	Black=2      Inaccurate:     	White=1     	Black=2      OK:         	White=6     	Black=8      Best:        	White=1     	Black=2      Strong:       	White=2     	---} 1-0

[Event "22nd Indian Women chT 2025"]
[Site "Gujarat"]
[Date "2025.03.06"]
[Round "2.6"]
[White "Shivamshika G"]
[Black "Chitlange Sakshi"]
[Result "1/2-1/2"]
[Annotator "TA"]
[ECO "E20"]
[WhiteElo "1801"]
[BlackElo "2200"]
[PlyCount "81"]
[EventDate "2025.03.03"]
[EventCountry "IND"]
[SourceTitle "playchess.com"]
[Source "ChessBase"]
[SourceQuality "1"]
[TimeControl "5400+30"]

1. d4 Nf6 2. c4 e6 3. Nc3 Bb4 4. f3 c5 5. d5 O-O 6. e4 Re8 {[%emt 0:00:02] E20: Nimzo-Indian: 4 g3 and 4 f3.} 7. Bd2 d6 8. Nge2 a6 {[%emt 0:02:35] is the legacy move (8...exd5).} 9. Nf4 e5 $146 ({Black should play} 9... exd5 $11 10. Ncxd5 Bxd2+ 11. Qxd2 Nxd5 12. Qxd5 Nc6) (9... exd5 10. cxd5 Nbd7 11. Be2 Ne5 12. O-O Bd7 13. Qe1 b5 14. g4 Re7 15. Ng2 c4 {0-1 Hasterok,M (2029)-Czopor,M (2178) Gora Sw Anny op 13th 2020 (1)}) 10. Nfe2 Nh5 11. g3 (11. Qc2 $14) 11... f5 12. Bg2 Nf6 13. Qc2 fxe4 14. fxe4 Rf8 15. O-O Bg4 (15... b5 $11) 16. Rf2 Nbd7 17. Raf1 Qe7 18. Nd1 Bxe2 19. Rxe2 Bxd2 20. Qxd2 b5 21. Ne3 g6 {[%emt 0:02:19] Dodges Nf5} 22. Ref2 Qg7 (22... b4 $11 {keeps the balance.}) 23. Qa5 Qh6 24. Re1 Rfc8 {[%emt 0:03:33] Inhibits Qc7.} (24... Rfb8 $16) 25. cxb5 $18 axb5 26. Qxb5 Rxa2 {[%emt 0:00:56] [#]} 27. Nc4 ({Better is} 27. Qf1 $1 $18 Rf8 28. Nc4) 27... Rb8 {[%emt 0:11:39] [#]} 28. Qc6 {[%emt 0:04:32] White is more active.} (28. Qxb8+ $1 $16 Nxb8 29. Rxf6) 28... Ng4 $1 $11 {[%emt 0:02:00][%csl LRf2,LRh2][%cal Bf6g4,Bg4f2,Bf2d3,Bd3e1][%mdl 32] The position is equal.} 29. h4 Nxf2 30. Qxd7 Nd3 31. Qe6+ (31. Rf1 $5 Rf8 $8 32. Qe6+ Kh8 33. Qxd6 $11) 31... Kh8 $1 32. Nxd6 {[%emt 0:02:52] and Nf7+ would now be decisive} Rf8 33. Nf7+ Rxf7 $1 34. Qxf7 Nxe1 35. Qe8+ Kg7 {[%emt 0:00:04][%cal Oe1f3] ( -> ...Nf3+!)} 36. Qe7+ Kg8 37. Qe6+ Kf8 38. Qf6+ Kg8 39. Qe6+ Kf8 40. Qf6+ Kg8 41. Qe6+ {[%emt 0:00:06] Weighted Error Value: White=0.18 (very precise) /Black=0.16 (very precise)   Mistake:       	White=3     	Black=4      Inaccurate:     	White=2     	Black=2      OK:         	White=9     	Black=10     Best:        	White=4     	Black=3      Strong:       	---       	Black=3} 1/2-1/2

[Event "22nd Indian Women chT 2025"]
[Site "Gujarat"]
[Date "2025.03.06"]
[Round "2.7"]
[White "Arpita, Mukherjee"]
[Black "Nanditha V"]
[Result "1-0"]
[Annotator "TA"]
[ECO "B12"]
[WhiteElo "2163"]
[BlackElo "1904"]
[PlyCount "57"]
[EventDate "2025.03.03"]
[EventCountry "IND"]
[SourceTitle "playchess.com"]
[Source "ChessBase"]
[SourceQuality "1"]
[TimeControl "5400+30"]

1. e4 c6 2. d4 d5 3. e5 c5 4. dxc5 e6 5. a3 Bxc5 6. b4 {[%emt 0:00:21] B12: Caro-Kann: Advance Variation.} Bb6 7. Nf3 Nc6 8. Bd3 {[%emt 0:01:02] White is slightly better. is the legacy move (8.Bb2).} Nge7 9. O-O Ng6 10. Re1 Qc7 {[%emt 0:02:06] [#]} (10... a5 $11) 11. Bb2 $1 $16 O-O 12. g3 f6 $146 ({Predecessor:} 12... Bd7 13. h4 f6 14. c4 dxc4 15. Bxg6 hxg6 16. Qd6 Qxd6 17. exd6 e5 18. Nbd2 Be6 {½-½ Blagojevic,T (2088)-Velikic,A (2224) EU-ch U18 Girls 24th 2014 (3)}) 13. exf6 gxf6 14. c4 dxc4 15. Bxc4 Nce5 16. Be2 Bd7 17. Qb3 Rae8 (17... Rac8 $11 {keeps the balance.} 18. Nc3 Nxf3+ 19. Bxf3 Ne5) 18. a4 {[%emt 0:04:58] [#]} a6 19. Nd4 Rf7 (19... Nc6 $14 20. Nxc6 Bxc6) 20. Nd2 Nc6 21. N2f3 ({White should try} 21. N4f3 $18) 21... h5 (21... Qd6 $16) 22. Bc4 (22. Nf5 $18 exf5 23. Bc4) 22... Nxd4 {[%emt 0:02:22] This costs Black the game.} (22... Nge5 $1 $14 23. Nxe5 (23. Nxe6 Bxe6 24. Bxe5 Bxc4 $15) (23. Bxe6 $2 Rxe6 24. Nxe6 Bxe6 $19) 23... fxe5 24. Nxe6 Bxf2+ 25. Kg2 Bxe6 26. Bxe6 Bxe1 27. Rxe1 Qe7 28. Bxf7+ Qxf7 29. Qxf7+ Kxf7) 23. Bxd4 $18 Bxd4 24. Nxd4 Ne5 25. Bxe6 (25. Nxe6 $2 {is the wrong capture.} Qxc4 26. Qxc4 Nxc4 $19) 25... Rxe6 26. Nxe6 Qb6 (26... Bxe6 {might work better.} 27. Qxe6 Nf3+ 28. Kg2 Nxe1+ 29. Rxe1 Kg7) 27. Nc5 {[%emt 0:03:33] Strongly threatening Nxd7.} Bc6 28. Re3 {[%emt 0:01:29] Against Nf3+} a5 29. Ne4 {[%emt 0:04:49] Weighted Error Value: White=0.23 (precise) /Black=0.36  Mistake:       	White=2     	Black=6      Inaccurate:     	White=3     	Black=2      OK:         	White=6     	Black=6      Best:        	---       	Black=1      Strong:       	White=1     	Black=1} 1-0